 Dungeon Crawl Stone Soup version 0.28-a0-194-g42b4daccc1 (webtiles) character file.

Game seed: 12934072407227938981

17112 timneilson the Blocker (level 12, -1/75 HPs)
             Began as a Gargoyle Fighter on Aug 18, 2021.
             Was a High Priest of Okawaru.
             Slain by Snorg (8 damage)
             ... on level 10 of the Dungeon.
             The game lasted 00:27:17 (12109 turns).

timneilson the Blocker (Gargoyle Fighter)          Turns: 12109, Time: 00:27:18

Health: -1/75      AC: 35    Str: 23    XL:     12   Next: 44%
Magic:  16/16      EV:  7    Int: 11    God:    Okawaru [*****.]
Gold:   579        SH: 19    Dex:  9    Spells: 11/11 levels left

rFire   + . .      SeeInvis .   z - +1 scimitar (flame)
rCold   . . .      Faith    .   t - +1 tower shield
rNeg    + . .      Spirit   .   k - +2 plate armour {Will+}
rPois   ∞          Reflect  .   b - +2 helmet
rElec   +          Harm     .   (no cloak)
rCorr   .          Rampage  .   (no gloves)
Will    +....                   (no boots)
Stlth   ..........              a - amulet of regeneration
HPRegen 1.22/turn               u - ring "Gaga" {rF+ Slay+2}
MPRegen 0.15/turn               v - +4 ring of protection

@: heroic, studying Short Blades
A: sickness immunity, AC +8, negative energy resistance 1, electricity
resistance, torment resistance 1, petrification resistance
a: Renounce Religion, Heroism, Finesse, Duel


You were on level 10 of the Dungeon.
You worshipped Okawaru.
Okawaru was extremely pleased with you.
You visited 2 branches of the dungeon, and saw 11 of its levels.
You also visited: Ossuary.

You collected 579 gold pieces.

Inventory:

Hand Weapons
 e - a +4 vorpal long sword
 z - a +1 scimitar of flaming (weapon)
Armour
 b - a +2 helmet (worn)
 k - a +2 plate armour of willpower (worn)
 t - a +1 tower shield (worn)
Jewellery
 a - an amulet of regeneration (around neck)
 d - the ring "Bausygea" {rC+ SInv}
   (You found it on level 7 of the Dungeon)

   [ring of see invisible]

   rC:        It protects you from cold.
   SInv:      It lets you see invisible.
 m - a ring of positive energy
 u - the ring "Gaga" (left hand) {rF+ Slay+2}
   (You acquired it on level 6 of the Dungeon)

   [ring of protection from fire]

   Slay:      It affects your accuracy & damage with ranged weapons and melee
   (+2).
   rF:        It protects you from fire.
 v - a +4 ring of protection (right hand)
 x - a ring of fire
Wands
 j - a wand of flame (34)
 s - a wand of iceblast (5)
 y - a wand of mindburst (7)
 C - a wand of paralysis (6)
Scrolls
 f - 3 scrolls of blinking
 g - 3 scrolls of teleportation
 o - a scroll of fog
 A - a scroll of enchant armour
 B - a scroll of enchant weapon
Potions
 h - a potion of attraction {unknown}
 i - 3 potions of brilliance
 l - 2 potions of cancellation
 n - 3 potions of ambrosia {unknown}
 p - 2 potions of invisibility {unknown}
 q - 2 potions of lignification
 r - a potion of berserk rage
 w - a potion of experience {unknown}


   Skills:
 + Level 8.6(13.6) Fighting
 * Level 9.4(14.4) Long Blades
 * Level 11.2(16.2) Armour
 * Level 11.3(16.3) Shields
 + Level 5.7 Invocations
 + Level 4.9 Evocations


You had 11 spell levels left.
You didn't know any spells.
Your spell library contained the following spells:

 Spells                   Type           Power      Damage    Failure   Level
 Beastly Appendage        Tmut           0%         N/A       100%        1
 Corona                   Hex            0%         N/A       100%        1
 Foxfire                  Conj/Fire      0%         2x1d4     100%        1
 Freeze                   Ice            0%         1d3       100%        1
 Pain                     Necr           0%         1d4       100%        1
 Ensorcelled Hibernation  Hex/Ice        0%         N/A       100%        2
 Slow                     Hex            0%         N/A       100%        2
 Wereblood                Tmut           0%         N/A       100%        2
 Confusing Touch          Hex            0%         N/A       100%        3
 Conjure Flame            Conj/Fire      0%         6-21      100%        3
 Frozen Ramparts          Ice            0%         1d2       100%        3
 Inner Flame              Hex/Fire       0%         N/A       100%        3
 Spider Form              Tmut/Pois      0%         N/A       100%        3
 Vampiric Draining        Necr           0%         2d6       100%        3
 Hailstorm                Conj/Ice       0%         3d3       100%        4
 Agony                    Necr           0%         N/A       100%        5
 Excruciating Wounds      Necr           0%         N/A       100%        5
 Yara's Violent Unravell  Hex/Tmut       0%         3d3       100%        5
 Tukima's Dance           Hex            Unusable   N/A       N/A         3
 Shadow Creatures         Summ           Unusable   N/A       N/A         6

Dungeon Overview and Level Annotations

Branches:
Dungeon (10/15)            Temple (1/1) D:5            Lair (0/6) D:8
    Orc (0/2) D:9         Ossuary (visited)

Altars:
Ashenzari
Cheibriados
Dithmenos
Elyvilon
Fedhas
Gozag
Hepliaklqana
Kikubaaqudgha
Makhleb
Nemelex Xobeh
Okawaru
Qazlal
Ru
Sif Muna
Trog
Uskayaw
Vehumet
Wu Jian
Xom
Yredelemnul
Zin
The Shining One

Shops:
D:4 ((:(   D:7 :   D:8 !

Annotations:
D:4 2 runed translucent doors, Deaus's ghost, novice VSFi
D:5 Blork the orc
D:6 3 runed translucent doors, siradein's ghost, novice DsTm
D:10 Snorg


Innate Abilities, Weirdness & Mutations

You are immune to sickness and miasma.
Your stone body is resilient. (AC +8)
You are immune to poison.
You resist negative energy. (rN+)
You are resistant to electric shocks. (rElec)
You are resistant to unholy torment.
You are immune to petrification.


Message History

Snorg is heavily wounded.
Snorg bites you but does no damage. Snorg completely misses you.
You block Snorg's attack. You block the orc warrior's attack.
You block Snorg's attack. Snorg barely misses you. Snorg claws you!
You barely miss Snorg.
Snorg is heavily wounded.
You block the orc warrior's attack. Snorg bites you but does no damage.
You block Snorg's attack. Snorg claws you but does no damage.
You hit Snorg. You burn Snorg.
Snorg is heavily wounded.
You block Snorg's attack. x2; Snorg barely misses you.
The orc warrior hits you with a +0 hand axe.
You slash Snorg! You burn Snorg.
Snorg is severely wounded.
You block Snorg's attack. x3
The orc warrior hits you but does no damage.
You barely miss Snorg.
Snorg is severely wounded.
You block Snorg's attack. Snorg claws you but does no damage.
Snorg barely misses you. You block Snorg's attack. x3
You slash Snorg! You burn Snorg.
Snorg is severely wounded.
You block the orc warrior's attack. You block Snorg's attack.
Snorg claws you but does no damage. You block Snorg's attack.
You slash Snorg! You burn Snorg!
Snorg is almost dead.
The orc warrior hits you but does no damage.
Snorg barely misses you. Snorg claws you! You block Snorg's attack.
You completely miss Snorg.
Snorg is almost dead.
You block Snorg's attack. Snorg claws you. x2
* * * LOW HITPOINT WARNING * * *
The orc warrior hits you with a +0 hand axe.
* * * LOW HITPOINT WARNING * * *
You hit Snorg. You burn Snorg.
Snorg is almost dead.
Snorg bites you!
* * * LOW HITPOINT WARNING * * *
Snorg claws you but does no damage. Snorg claws you!
You die...

...... .. #.......
.## ..# .......
#... ##.# .....##
#... ###..# #..##
#..####....# #.#
.........## #.##
#To..#...# #..#
#@.##...####..####
#..# #..##...#..##
##.###..#..#####..
#.....##..## ###
........#####.# #
#####...# #.# #
###.. ### # ###. #


You could see Snorg (berserk) and an orc warrior.

Vanquished Creatures
  Erolcha (D:10)
  Harold (D:9)
  Erica (D:9)
  A boulder beetle (D:8)
  3 two-headed ogres
  A centaur warrior (D:8)
  Pikel (D:6)
  A manticore (D:7)
  Joseph (D:9)
  3 gargoyles
  A troll (D:7)
  Grinder (D:4)
  A slime creature (D:7)
  2 vampires (D:10)
  Sigmund (D:2)
  2 wraiths
  10 yaks (D:8)
  A basilisk (D:8)
  2 wyverns (D:8)
  6 vampire mosquitoes (D:10)
  A steam dragon (D:8)
  Eustachio (D:5)
  Edmund (D:6)
  4 water moccasins
  2 orc warriors
  3 ice beasts
  2 sky beasts (D:7)
  A black bear (D:4)
  A hornet zombie (D:8)
  3 necrophages
  3 ogres
  7 centaurs
  3 kobold brigands
  2 bullfrogs (D:7)
  13 scorpions
  4 killer bees
  4 wights (D:7)
  A bullfrog zombie (D:6)
  7 howler monkeys
  2 centaur zombies
  A hound (Temple)
  4 centaur skeletons
  2 jellies
  2 gnoll shamans
  2 orc priests
  4 human zombies (Ossuary)
  A bullfrog skeleton (D:5)
  Jessica (D:2)
  6 iguanas
  5 orc wizards
  5 scorpion zombies
  A hound skeleton (D:5)
  4 mummies
  2 howler monkey zombies (D:9)
  12 gnolls
  5 howler monkey skeletons
  5 adders
  A white imp (D:7)
  An ufetubus (D:5)
  2 dart slugs
  2 worms (D:2)
  24 orcs
  12 ball pythons
  4 bats
  3 endoplasms
  6 giant cockroaches
  7 goblins
  9 hobgoblins
  6 jackals
  3 quokkas
  3 frilled lizards
  4 goblin zombies (Ossuary)
  2 hobgoblin zombies (Ossuary)
  25 kobolds
  4 kobold zombies (Ossuary)
  6 rats
292 creatures vanquished.

Vanquished Creatures (others)
  Psyche (D:9)
  A human (D:10)
  4 fungi (D:8)
  10 plants (D:8)
  4 toadstools (D:1)
20 creatures vanquished.

Grand Total: 312 creatures vanquished

Notes
Turn   | Place    | Note
-------+----------+-------------------------------------------
     0 | D:1      | timneilson the Gargoyle Fighter began the quest for the
                  | Orb.
     0 | D:1      | Reached XP level 1. HP: 14/14 MP: 1/1
   175 | D:1      | Reached XP level 2. HP: 15/19 MP: 2/2
   971 | D:2      | Reached XP level 3. HP: 23/23 MP: 3/3
  1160 | D:2      | HP: 1/23 [endoplasm (1)]
  1460 | D:2      | Found a faded altar of an unknown god.
  1707 | D:2      | Noticed Sigmund
  1717 | D:2      | Killed Sigmund
  1718 | D:2      | Reached XP level 4. HP: 28/29 MP: 4/4
  1718 | D:2      | Reached XP level 5. HP: 32/33 MP: 5/5
  1737 | D:2      | Noticed Jessica
  1745 | D:2      | Killed Jessica
  1779 | D:2      | Reached XP level 6. HP: 38/38 MP: 6/6
  2932 | D:4      | Noticed a black bear
  2942 | D:4      | Killed a black bear
  2943 | D:4      | Reached skill level 5 in Armour
  2943 | D:4      | Reached skill level 5 in Shields
  2951 | D:4      | Found Myekeped's Weapon Shoppe.
  2954 | D:4      | Found Lees Gaxt's Weapon Shoppe.
  2955 | D:4      | Found Xaad's Antique Weapon Shoppe.
  2956 | D:4      | Found Veadyamn's Book Shoppe.
  3027 | D:4      | Reached XP level 7. HP: 26/44 MP: 7/7
  3053 | D:4      | Found a sand-covered staircase.
  3078 | Ossuary  | Entered an ossuary
  3638 | Ossuary  | Reached XP level 8. HP: 46/48 MP: 8/8
  3676 | Ossuary  | Reached skill level 5 in Fighting
  3680 | Ossuary  | HP: 2/73 [scorpion (4)]
  3975 | Ossuary  | Reached skill level 5 in Long Blades
  4197 | D:4      | Found a runed translucent door.
  4203 | D:4      | Noticed Deaus's ghost (novice VSFi)
  4272 | D:4      | Found a radiant altar of Vehumet.
  4549 | D:4      | Reached XP level 9. HP: 40/55 MP: 9/9
  4703 | D:4      | Found a runed translucent door.
  4714 | D:4      | Noticed Grinder
  4717 | D:4      | Paralysed by Grinder for 4 turns
  4725 | D:4      | Paralysed by Grinder for 3 turns
  4744 | D:4      | Paralysed by Grinder for 3 turns
  4748 | D:4      | Killed Grinder
  5316 | D:5      | Entered Level 5 of the Dungeon
  5513 | D:5      | Noticed Blork the orc
  5521 | D:5      | Found a shimmering blue altar of Sif Muna.
  5607 | D:5      | Found a staircase to the Ecumenical Temple.
  5616 | Temple   | Entered the Ecumenical Temple
  5626 | Temple   | Became a worshipper of Warmaster Okawaru
  5783 | D:5      | Found a burning altar of Makhleb.
  5795 | D:5      | Reached skill level 1 in Evocations
  6076 | D:5      | Noticed Eustachio
  6092 | D:5      | Killed Eustachio
  6093 | D:5      | Reached skill level 1 in Invocations
  6361 | D:6      | Reached * piety under Okawaru
  6368 | D:6      | Noticed Pikel
  6385 | D:6      | Killed Pikel
  6386 | D:6      | Reached XP level 10. HP: 41/61 MP: 9/11
  6557 | D:6      | Identified the +7 spear of Mana {antimagic, *Noise rN++
                  | Int+2 Dex+2}
  6590 | D:6      | Found a runed translucent gate.
  6590 | D:6      | Found a runed translucent gate.
  6590 | D:6      | Found a runed translucent gate.
  6622 | D:6      | Noticed siradein's ghost (novice DsTm)
  6668 | D:6      | Noticed Edmund
  6717 | D:6      | Killed Edmund
  6781 | D:6      | Found a blossoming altar of Fedhas.
  6782 | D:6      | Found a sacrificial altar of Ru.
  6783 | D:6      | Found a stormy altar of Qazlal.
  6783 | D:6      | Found a basalt altar of Yredelemnul.
  7066 | D:6      | Found a hazy altar of Hepliaklqana.
  7226 | D:6      | Identified a scroll of acquirement
  7226 | D:6      | Acquired the ring "Gaga" {rF+ Slay+2}
  7306 | D:7      | Reached ** piety under Okawaru
  7441 | D:7      | Found Veigyc's Book Emporium.
  8230 | D:7      | Reached *** piety under Okawaru
  8268 | D:7      | Noticed a manticore
  8269 | D:7      | Noticed a gargoyle
  8272 | D:7      | Noticed a two-headed ogre
  8290 | D:7      | Noticed a two-headed ogre
  8297 | D:7      | Killed a gargoyle
  8301 | D:7      | Killed a two-headed ogre
  8302 | D:7      | Reached XP level 11. HP: 27/67 MP: 11/13
  8307 | D:7      | Killed a manticore
  8312 | D:7      | Killed a two-headed ogre
  8328 | D:7      | Reached **** piety under Okawaru
  8560 | D:7      | Identified the ring "Bausygea" {rC+ SInv}
  8947 | D:8      | Found a broken altar of Ashenzari.
  9028 | D:8      | Reached skill level 10 in Shields
  9199 | D:8      | Reached skill level 10 in Armour
  9547 | D:8      | Found a staircase to the Lair.
  9741 | D:8      | Noticed a centaur warrior
  9751 | D:8      | Killed a centaur warrior
  9773 | D:8      | Noticed a boulder beetle
  9794 | D:8      | Killed a boulder beetle
  9794 | D:8      | Reached ***** piety under Okawaru
 10382 | D:8      | Found Umaagh's Distillery.
 10535 | D:9      | Noticed Harold
 10550 | D:9      | Killed Harold
 10551 | D:9      | Reached skill level 5 in Invocations
 10667 | D:9      | Noticed a two-headed ogre
 10673 | D:9      | Killed a two-headed ogre
 10701 | D:9      | Noticed Erica
 10702 | D:9      | Found a staircase to the Orcish Mines.
 10711 | D:9      | Reached XP level 12. HP: 70/74 MP: 12/15
 10712 | D:9      | Noticed Psyche
 10738 | D:9      | Noticed Joseph
 11228 | D:9      | Killed Psyche
 11241 | D:9      | Killed Erica
 11241 | D:9      | Identified the +7 great sword of Morality {vorpal, Drain
                  | rF+ Str+2 Dex+2} (Okawaru gifted it to you on level 9 of
                  | the Dungeon)
 11241 | D:9      | Received a gift from Okawaru
 11250 | D:9      | Killed Joseph
 11693 | D:10     | Entered Level 10 of the Dungeon
 11824 | D:10     | Found the +8 Vampire's Tooth {vamp}
 11842 | D:10     | Noticed Erolcha
 11851 | D:10     | Killed Erolcha
 11852 | D:10     | Found an ancient bone altar of Kikubaaqudgha.
 12090 | D:10     | Noticed Snorg
 12109 | D:10     | Slain by Snorg

Illustrated notes

Levels and vault maps discovered:
D:1:      ldierk_walled_garden_2, layout_basic
D:2:      layout_basic, hellmonk_ecumenical_altar_blasted,
          minmay_indecisive_spiral, uniq_jessica, uniq_sigmund
D:3:      layout_basic
D:4:      layout_loops_cross, mainiacjoe_overflow_surrounded_room,
          gup_ossuary_entry_pyramid, ebering_ghost_sewer_f,
          minmay_shop_grid_forest, uniq_grinder
D:5:      layout_gridville, makhleb_blood_cavern_becter, tgw_sif,
          minmay_temple_entry_junction, minmay_misc_feat_more_columns,
          minmay_misc_feat_ornament, uniq_eustachio
D:6:      layout_gridville, nicolae_hepliaklqana_hippocampus,
          mainiacjoe_overflow_alcove_3, gammafunk_ghost_icy, serial_glass,
          glass_columns_a, glass_columns_c, uniq_pikel, uniq_edmund
D:7:      minmay_the_grid_octo_tiled_squarecenter [minmay_the_grid_octo_chip,
          minmay_the_grid_octo_odd_swirl, minmay_the_grid_octo_checkered,
          minmay_the_grid_octo_pinwheel,
          minmay_the_grid_square_5x5_megaprize_diamond,
          minmay_the_grid_square_5x5_six_small,
          minmay_the_grid_square_5x5_broken_cross, minmay_the_grid_square_5x5_c,
          minmay_the_grid_square_5x5_comb], layout_basic, serial_shops,
          nicolae_shop_stone, minmay_manual_mares
D:8:      layout_cave_pods, evilmike_ruin_ashenzari, minmay_lair_entry_grove,
          serial_shops, nicolae_take_the_stairs, kb_rosetta
D:9:      layout_big_octagon, orc_0_dummy, uniq_harold, uniq_psyche,
          uniq_joseph, uniq_erica
D:10:     layout_layer_cave, tgw_kikubaaqudgha,
          minmay_guarded_unrand_vampires_tooth, uniq_snorg, uniq_grum,
          uniq_erolcha
Temple:   nicolae_temple_x_marks_the_god

Skill      XL: |  1  2  3  4  5  6  7  8  9 10 11 12 |
---------------+-------------------------------------+-----
Long Blades    | 2 3 4 5 6 7 8 9 |  9.4
Fighting       | 4 5 6 7 8 |  8.6
Armour         | 4 5 6 7 8 9 10 11 | 11.2
Shields        | 4 5 6 7 8 9 10 11 | 11.3
Evocations     | 1 3 4 |  4.9
Invocations    | 2 3 5 |  5.7

Action                   |  1- 3 |  4- 6 |  7- 9 | 10-12 || total
-------------------------+-------+-------+-------+-------++-------
Melee: Long sword        |   112 |   145 |   488 |   636 ||  1381
       Scimitar          |       |       |       |    97 ||    97
Invok: Heroism           |       |       |     1 |    14 ||    15
       Finesse           |       |       |       |     1 ||     1
  Use: Scroll            |     3 |     4 |     7 |     4 ||    18
       Potion            |     2 |     3 |     3 |     7 ||    15
Armor: Chain mail        |    67 |   105 |   364 |   182 ||   718
       Scale mail        |     4 |       |       |       ||     4
       Plate armour      |       |       |       |   329 ||   329
Dodge: Dodged            |    18 |    36 |   159 |   210 ||   423
Block: Kite shield       |    56 |    71 |   271 |   438 ||   836
       Tower shield      |       |       |       |    40 ||    40
       Rpst.: Long sword |     6 |    12 |    56 |    45 ||   119
       Scimitar          |       |       |       |     9 ||     9

Table legend: (Time is in decaauts)
 A = Elapsed time spent in this place.
 B = Non-inter-level travel time spent in this place.
 C = Inter-level travel time spent in this place.
 D = Time resting spent in this place.
 E = Time spent auto-exploring this place.
 F = Levels seen in this place.
 G = Mean time per level.
                   A        B        C        D        E       F      G
               +--------+--------+--------+--------+--------+-----+--------+
         Total |  12407 |  12109 |    298 |   1601 |   7207 |  12 | 1033.9 |
       Dungeon |  11195 |  10904 |    291 |   1175 |   6861 |  10 | 1119.5 |
        Temple |     58 |     51 |      7 |      0 |     39 |   1 |   58.0 |
       Ossuary |   1154 |   1154 |      0 |    426 |    307 |   1 | 1154.0 |
               +--------+--------+--------+--------+--------+-----+--------+

Top non-repeatable levels by time:
     D:8: 2164 daAuts
     D:7: 1656 daAuts
     D:4: 1437 daAuts
     D:2: 1240 daAuts
 Ossuary: 1154 daAuts
     D:5: 978 daAuts
     D:6: 956 daAuts
     D:1: 879 daAuts
     D:3: 838 daAuts
     D:9: 631 daAuts
    D:10: 413 daAuts
  Temple: 58 daAuts
